 Dungeon Crawl Stone Soup version 0.31.0-32-g396128a36d (webtiles) character file.

Game seed: 6282019011304426179

2986 gohu the Thaumaturge (level 10, -10/65 HPs)
             Began as a Djinni Fire Elementalist on Mar 13, 2024.
             Was an Initiate of Makhleb.
             Killed by divine providence
             ... invoked by an orc priest
              (13 damage)
             ... on level 7 of the Dungeon.
             The game lasted 00:14:37 (7454 turns).

gohu the Thaumaturge (Djinni Fire Elementalist)     Turns: 7454, Time: 00:14:37

Health: -10/65     AC:  6    Str: 13    XL:     10   Next: 9%
Gold:   250        EV: 13    Int: 21    God:    Makhleb [......] SH:  0 Dex: 14

rFire   + . .        (no weapon)
rCold   . . .        (no shield)
rNeg    . . .        a - +0 robe
rPois   ∞            j - +1 helmet
rElec   .            k - +0 cloak
rCorr   .            B - +0 pair of gloves
SInv    .            (boots unavailable)
Will    +....        w - amulet of faith
Stlth   ++           t - ring of ice
HPRegen 0.30/turn    C - +6 ring of strength
MPRegen 0.00/turn

%: faith, infuse magic (-11 HP)
@: flying, hasted, very quick
A: sickness immunity, fire resistance 2, cold vulnerability 1, float, innate
caster, HP casting, extra vitality 1
a: Renounce Religion


You were on level 7 of the Dungeon.
You worshipped Makhleb.
Makhleb was noncommittal.
You visited 2 branches of the dungeon, and saw 8 of its levels.
You also visited: Ossuary.

You collected 342 gold pieces.
You spent 92 gold pieces at shops.

Inventory:

Missiles
 h - a throwing net
Armour
 a - a +0 robe (worn)
 j - a +1 helmet (worn)
 k - a +0 cloak (worn)
 B - a +0 pair of gloves (worn)
Jewellery
 t - a ring of ice (left hand)
 w - an amulet of faith (around neck)
 x - a +6 ring of dexterity
 C - a +6 ring of strength (right hand)
Wands
 n - a wand of digging (1)
Scrolls
 b - 2 scrolls of noise
 g - 3 scrolls of teleportation {unknown}
 l - a scroll of summoning {unknown}
 o - 3 scrolls of enchant weapon {unknown}
 p - a scroll of immolation
 s - a scroll of poison {unknown}
 u - a scroll of revelation
 y - a scroll of vulnerability {unknown}
 z - a scroll of enchant armour
 A - 2 scrolls of fog {unknown}
 D - 2 scrolls of identify
Potions
 c - 2 potions of lignification
 d - 3 potions of curing {unknown}
 e - 3 potions of haste
 f - 2 potions of heal wounds {unknown}
 i - 2 potions of attraction {unknown}
 m - 5 potions of degeneration {unknown}
 q - a potion of mutation {unknown}
 r - a potion of brilliance {unknown}
 v - a potion of might {unknown}


   Skills:
 * Level 2.5 Fighting
 + Level 3.0 Dodging
 - Level 1.5 Stealth
 + Level 10.6 Spellcasting
 + Level 10.6 Conjurations
 + Level 10.6 Hexes
   Level 0.0 Charms
 + Level 10.6 Summonings
 + Level 10.6 Necromancy
 + Level 10.6 Translocations
   Level 0.0 Transmutations
 + Level 10.6 Fire Magic
 + Level 10.6 Ice Magic
 + Level 10.6 Air Magic
 + Level 10.6 Earth Magic
 + Level 10.6 Alchemy


You knew the following spells:

 Your Spells              Type           Power      Damage    Failure   Level
a - Foxfire               Conj/Fire      100%       2x1d9     1%          1
b - Scorch                Fire           100%       2d9       1%          2
c - Flame Wave            Conj/Fire      53%        2d13      1%          4
d - Call Imp              Summ           100%       N/A       1%          2
e - Volatile Blastmotes   Fire/Tloc      100%       2d18      1%          3
f - Freeze                Ice            100%       1d10      1%          1
g - Inner Flame           Hex/Fire       53%        N/A       1%          3
h - Sigil of Binding      Hex            53%        N/A       1%          3
i - Olgreb's Toxic Radia  Alch           53%        N/A       1%          4
Your spell library was empty.

Dungeon Overview and Level Annotations

Branches:
Dungeon (7/15)             Temple (1/1) D:4         Ossuary (visited)

Altars:
Ashenzari
Cheibriados
Dithmenos
Elyvilon
Gozag
Hepliaklqana
Makhleb
Nemelex Xobeh
Okawaru
Qazlal
Uskayaw
Wu Jian
Xom
Zin
The Shining One

Shops:
D:2 [   D:4 *

Annotations:
D:2 1 runed translucent door, Crazy Yiuf


Innate Abilities, Weirdness & Mutations

You are immune to sickness and miasma.
You are immune to poison.
Your flesh is very heat resistant. (rF++)
You are vulnerable to cold. (rC-)
You float through the air rather than walking.
You learn spells naturally, not from books.
Your magical power is your life essence.
You have superior vitality. (+4 MHP)


Message History

You kill the gnoll!
Makhleb accepts your kill.
The flame wave engulfs the gnoll!
You kill the gnoll!
Makhleb accepts your kill.
You finish channelling waves of flame.
Your Dodging skill increases to level 3!
Casting: Flame Wave (dangerous; 1% risk of failure)
Confirm with . or Enter, or press ? or * to list all spells.
Casting: Flame Wave (dangerous; 1% risk of failure)
Press: ? - help, Dir - look around, f - activate A wave of flame ripples out! (Press . to intensify the flame waves.)
An orc priest comes into view. It is wielding a +0 hand axe.
A wave of flame ripples out!
The orc priest invokes the aid of Beogh against you.
Beogh smites you!
* * * LOW HITPOINT WARNING * * *
A wave of flame ripples out!
The flame wave engulfs the gnoll.
The gnoll is moderately wounded.
The flame wave engulfs the gnoll!
The gnoll is almost dead.
* * * LOW HITPOINT WARNING * * *
You finish channelling waves of flame.
You see here a hornet corpse.
Casting: Flame Wave (dangerous; 1% risk of failure)
Confirm with . or Enter, or press ? or * to list all spells.
Casting: Flame Wave (dangerous; 1% risk of failure)
Press: ? - help, Dir - look around, f - activate A wave of flame ripples out!
The flame wave engulfs the gnoll.
The gnoll is almost dead. (Press . to intensify the flame waves.)
* * * LOW HITPOINT WARNING * * *
The gnoll hits you with a +0 whip.
* * * LOW HITPOINT WARNING * * *
An orc wizard comes into view. It is wielding a +0 dagger.
It was a potion of haste.
You feel yourself speed up. The gnoll misses you.
The orc priest mumbles some strange prayers to Beogh against you.
Beogh smites you!
You die...

..#........ .........#
........... ##........#
######.#........ .#...g......
####......#..........#..........
.##..................#.<........
..##......#.....>....#..g.......
.....##.......#..# #.#..........
................####$##........#
.......####.....@gg#.###.......#
.......# #.....##.))..#.#####.#
<..#...# #.....###...o....###.##
...########.....#
###o...#.......
##..##..........#
######.........
##.##.........####......###.....
...........)..........# #.....
###..........##.......# ###...
##.........###.....## ##..#


You could see an orc priest, an orc wizard and 2 gnolls.

Vanquished Creatures
  A hornet (D:7)
  Duvessa (D:6)
  3 ogres
  An orc warrior (D:6)
  A black bear (D:4)
  3 centaurs
  2 elf zombies (Ossuary)
  A kobold brigand (D:6)
  A phantom (D:6)
  Blork the orc (D:6)
  A bullfrog (D:6)
  2 gnoll sergeants
  2 scorpions (D:6)
  Dowan (D:6)
  2 bombardier beetles (D:6)
  3 human zombies (Ossuary)
  3 hounds
  A centaur zombie (Ossuary)
  4 jellies
  4 orc priests
  3 sleepcaps
  3 iguanas (D:6)
  Terence (D:1)
  3 orc wizards
  7 hound zombies (Ossuary)
  2 mummies (Ossuary)
  Robin (D:2)
  14 gnolls
  10 adders
  A shadow imp (D:7)
  7 adder zombies (Ossuary)
  A dart slug (D:1)
  13 orcs
  4 ball pythons
  7 endoplasms
  4 gnoll zombies (Ossuary)
  6 hobgoblins
  2 quokkas (D:1)
  8 bats
  5 frilled lizards
  12 goblins
  3 jackal zombies (Ossuary)
  8 kobolds
  7 kobold zombies (Ossuary)
  2 orc zombies (Ossuary)
  6 rats
178 creatures vanquished.

Vanquished Creatures (collateral kills)
  An adder (D:2)
  A dart slug (D:2)
  A goblin (D:2)
3 creatures vanquished.

Vanquished Creatures (others)
  481 foxfires
481 creatures vanquished.

Grand Total: 662 creatures vanquished

Notes
Turn   | Place    | Note
-------+----------+-------------------------------------------
     0 | D:1      | gohu the Djinni Fire Elementalist began the quest for the
                  | Orb.
     0 | D:1      | gohu set off with the following spells memorised: Foxfire,
                  | Scorch, Volatile Blastmotes, Inner Flame, Flame Wave.
     0 | D:1      | Reached XP level 1. HP: 15/15 MP: 0/0
    37 | D:1      | Reached XP level 2. HP: 18/21 MP: 0/0
    55 | D:1      | Found a faded altar of an unknown god.
   360 | D:1      | Reached XP level 3. HP: 25/25 MP: 0/0
   360 | D:1      | Learned a level 1 spell: Freeze
   969 | D:2      | Noticed Terence
   980 | D:1      | Killed Terence
   981 | D:1      | Reached XP level 4. HP: 12/31 MP: 0/0
  1131 | D:2      | Reached XP level 5. HP: 32/35 MP: 0/0
  1131 | D:2      | Learned a level 2 spell: Call Imp
  1574 | D:2      | Found Cenk's Armour Shoppe.
  1595 | D:2      | Noticed Robin
  1600 | D:2      | Killed Robin
  1601 | D:2      | Reached skill level 5 in Spellcasting
  1601 | D:2      | Reached skill level 5 in Conjurations
  1601 | D:2      | Reached skill level 5 in Hexes
  1601 | D:2      | Reached skill level 5 in Summonings
  1601 | D:2      | Reached skill level 5 in Necromancy
  1601 | D:2      | Reached skill level 5 in Translocations
  1601 | D:2      | Reached skill level 5 in Fire Magic
  1601 | D:2      | Reached skill level 5 in Ice Magic
  1601 | D:2      | Reached skill level 5 in Air Magic
  1601 | D:2      | Reached skill level 5 in Earth Magic
  1601 | D:2      | Reached skill level 5 in Alchemy
  1687 | D:2      | Bought a +0 cloak for 45 gold pieces
  2015 | D:2      | Found a runed translucent door.
  2016 | D:2      | Noticed Crazy Yiuf
  2081 | D:3      | Found a glowing silver altar of Zin.
  2131 | D:3      | Found a hide-covered altar of Uskayaw.
  2178 | D:3      | Found an opulent altar of Gozag.
  2224 | D:3      | Noticed an ogre
  2237 | D:3      | Killed an ogre
  2238 | D:3      | Reached XP level 6. HP: 29/40 MP: 0/0
  2606 | D:3      | Found a white marble altar of Elyvilon.
  2615 | D:3      | Found a snail-covered altar of Cheibriados.
  2790 | D:4      | Noticed a black bear
  2793 | D:4      | Killed a black bear
  2794 | D:4      | Reached XP level 7. HP: 32/45 MP: 0/0
  2794 | D:4      | Learned a level 3 spell: Sigil of Binding
  2826 | D:4      | Found a sand-covered staircase.
  2845 | Ossuary  | Entered an ossuary
  3283 | Ossuary  | Reached XP level 8. HP: 38/50 MP: 0/0
  4139 | D:4      | Found Paymalem's Assorted Antiques.
  4147 | D:4      | Bought a fizzy pink potion for 22 gold pieces
  4147 | D:4      | Bought a scroll labelled AFFADO QOVEOSCH for 25 gold pieces
  4421 | D:4      | Found a staircase to the Ecumenical Temple.
  4427 | Temple   | Entered the Ecumenical Temple
  4650 | D:5      | Entered Level 5 of the Dungeon
  5305 | D:5      | Found an iron altar of Okawaru.
  5711 | D:5      | Reached XP level 9. HP: 45/55 MP: 0/0
  5711 | D:5      | Learned a level 4 spell: Olgreb's Toxic Radiance
  5853 | D:6      | Noticed Dowan
  5854 | D:6      | Noticed Duvessa
  5947 | D:6      | Killed Duvessa
  5949 | D:6      | Killed Dowan
  6201 | D:6      | Noticed Blork the orc
  6216 | D:6      | Killed Blork the orc
  6217 | D:6      | Reached skill level 10 in Spellcasting
  6217 | D:6      | Reached skill level 10 in Conjurations
  6217 | D:6      | Reached skill level 10 in Hexes
  6217 | D:6      | Reached skill level 10 in Summonings
  6217 | D:6      | Reached skill level 10 in Necromancy
  6217 | D:6      | Reached skill level 10 in Translocations
  6217 | D:6      | Reached skill level 10 in Fire Magic
  6217 | D:6      | Reached skill level 10 in Ice Magic
  6217 | D:6      | Reached skill level 10 in Air Magic
  6217 | D:6      | Reached skill level 10 in Earth Magic
  6217 | D:6      | Reached skill level 10 in Alchemy
  6993 | D:6      | Found a burning altar of Makhleb.
  6995 | D:6      | Noticed a blizzard demon
  7001 | D:6      | Became a worshipper of Makhleb the Destroyer
  7342 | D:7      | Reached skill level 1 in Fighting
  7439 | D:7      | Noticed a hornet
  7442 | D:7      | Reached XP level 10. HP: 54/63 MP: 0/0
  7453 | D:7      | HP: 2/65 [gnoll/+0 whip[a gnoll sergeant] (4)]
  7454 | D:7      | Killed from afar by an orc priest

Illustrated notes

Levels and vault maps discovered:
D:1:      psy_arrival_whirlpool, layout_loops_ring,
          ebering_ecumenical_altar_abandoned, chequers_serial_rivers_small_3
D:2:      layout_basic, serial_shops, nicolae_shop_rolling_square, uniq_robin,
          uniq_terence, uniq_crazy_yiuf_cottage
D:3:      layout_rooms, pdpol_temple_overflow_zin_treasury_gozag_greed,
          lemuel_crystal_altar, mainiacjoe_overflow_swirl
D:4:      layout_loops_corners, minmay_temple_entry_trees, enter_ossuary_1,
          serial_shops, shop
D:5:      layout_gridville, kennysheep_little_box, kennysheep_generic_room_13
D:6:      layout_loops_ring, makhleb_altar_promises_db, uniq_duvessa,
          uniq_blork_the_orc
D:7:      layout_rooms
Temple:   nicolae_temple_cloud_nine

Skill      XL: |  1  2  3  4  5  6  7  8  9 10 |
---------------+-------------------------------+-----
Spellcasting   | 4 5 6 7 8 10 | 10.6
Conjurations   | 4 5 6 7 8 10 | 10.6
Hexes          | 4 5 6 7 8 10 | 10.6
Summonings     | 4 5 6 7 8 10 | 10.6
Necromancy     | 4 5 6 7 8 10 | 10.6
Translocations | 4 5 6 7 8 10 | 10.6
Fire Magic     | 4 5 6 7 8 10 | 10.6
Ice Magic      | 4 5 6 7 8 10 | 10.6
Air Magic      | 4 5 6 7 8 10 | 10.6
Earth Magic    | 4 5 6 7 8 10 | 10.6
Alchemy        | 4 5 6 7 8 10 | 10.6
Fighting       | 1 2 |  2.5
Dodging        | 3 |  3.0
Stealth        | |  1.5

Action                     |  1- 3 |  4- 6 |  7- 9 | 10-12 || total
---------------------------+-------+-------+-------+-------++-------
   Cast: Foxfire           |    55 |    80 |   150 |       ||   285
         Scorch            |     7 |     1 |    44 |       ||    52
         Call Imp          |       |     5 |       |       ||     5
         Volatile Blastmot |       |     2 |    22 |       ||    24
         Flame Wave        |       |     1 |    34 |     4 ||    39
    Use: Scroll            |       |       |     5 |       ||     5
         Potion            |       |       |       |     1 ||     1
 Armour: Robe              |    11 |    17 |    69 |     4 ||   101
  Dodge: Dodged            |    14 |    10 |    48 |     1 ||    73
